 Dungeon Crawl Stone Soup version 0.27-a0-1101-ge311f74bc8 (webtiles) character file.

Game seed: 15065112340576539171

5408 siradein the Carver (level 10, -4/80 HPs)
             Began as a Minotaur Fighter on Apr 28, 2021.
             Was a Follower of Makhleb.
             Hit by a stone thrown by an orc warrior (5 damage)
             ... on level 9 of the Dungeon.
             The game lasted 00:25:51 (10980 turns).

siradein the Carver (Minotaur Fighter)             Turns: 10980, Time: 00:25:52

Health: -4/80      AC: 13    Str: 23    XL:     10   Next: 40%
Magic:  15/15      EV:  4    Int:  5    God:    Makhleb [*.....]
Gold:   367        SH: 10    Dex: 11    Spells: 9/9 levels left

rFire    . . .     SeeInvis .   G - +3 long sword (freeze)
rCold    . . .     Faith    .   c - +0 kite shield
rNeg     . . .     Spirit   .   H - +0 plate armour
rPois    .         Reflect  .   (helmet restricted)
rElec    .         Harm     .   h - +0 cloak
rCorr    .         Rampage  .   (no gloves)
Will     .....                  (no boots)
Stlth    ..........             (no amulet)
HPRegen  0.23/turn              (no ring)
MPRegen  0.14/turn              (no ring)

@: no status effects
A: horns 2, retaliatory headbutt
a: Renounce Religion


You were on level 9 of the Dungeon.
You worshipped Makhleb.
Makhleb was aware of your devotion.
You visited 2 branches of the dungeon, and saw 10 of its levels.

You collected 367 gold pieces.

Inventory:

Hand Weapons
 a - a +0 scimitar of flaming
 G - a +3 long sword of freezing (weapon)
Armour
 c - a +0 kite shield (worn)
 h - a +0 cloak (worn)
 H - a +0 plate armour (worn)
Jewellery
 s - a ring of wizardry
 v - a ring of ice
 y - a +6 ring of intelligence
 C - a ring of wizardry
Wands
 f - a wand of mindburst (5)
 k - a wand of acid (17)
 u - a wand of digging (5)
 z - a wand of flame (10)
Scrolls
 b - 2 scrolls of blinking {unknown}
 g - 2 scrolls of vulnerability {unknown}
 j - 8 scrolls of teleportation {unknown}
 l - 7 scrolls of identify {unknown}
 m - a scroll of immolation {unknown}
 n - a scroll of summoning {unknown}
 p - 2 scrolls of magic mapping {unknown}
 q - a scroll of holy word {unknown}
 w - 2 scrolls of amnesia {unknown}
 x - a scroll of enchant armour {unknown}
 B - 2 scrolls of enchant weapon {unknown}
 D - 2 scrolls of fog {unknown}
 E - 2 scrolls of fear {unknown}
Potions
 d - a potion of might
 e - a potion of lignification {unknown}
 i - 2 potions of magic {unknown}
 o - 4 potions of curing {unknown}
 r - a potion of flight {unknown}
 t - 3 potions of degeneration {unknown}
 A - a potion of resistance {unknown}
 F - a potion of mutation {unknown}
 I - a potion of heal wounds


   Skills:
 + Level 4.8 Fighting
 - Level 14.0 Long Blades
 + Level 4.8 Armour
 + Level 4.8 Shields
 + Level 8.6 Invocations


You had 9 spell levels left.
You didn't know any spells.
Your spell library contained the following spells:

 Spells                   Type           Power      Damage    Failure   Level
 Magic Dart               Conj           0%         1d3       100%        1
 Searing Ray              Conj           0%         3d3       100%        2
 Dazzling Flash           Conj/Hex       0%         N/A       100%        3
 Fulminant Prism          Conj/Hex       0%         3d6       100%        4
 Iskenderun's Mystic Bla  Conj/Tloc      0%         2d3       100%        4


Dungeon Overview and Level Annotations

Branches:
Dungeon (9/15)             Temple (1/1) D:5             Orc (0/2) D:9
   Lair: D:8-11

Altars:
Ashenzari
Cheibriados
Dithmenos
Elyvilon
Fedhas
Gozag
Hepliaklqana
Kikubaaqudgha
Makhleb
Nemelex Xobeh
Okawaru
Qazlal
Ru
Sif Muna
Trog
Uskayaw
Vehumet
Wu Jian
Xom
Yredelemnul
Zin
The Shining One

Annotations:
D:4 Eustachio
D:8 2 transporters


Innate Abilities, Weirdness & Mutations

You have a pair of horns on your head.
You reflexively headbutt those who attack you in melee.


Message History

The orc warrior hits you with a +0 battleaxe!
You closely miss the orc warrior. Your headbutt misses the orc warrior.
The orc warrior barely misses you.
You barely miss the orc warrior. Your headbutt misses the orc warrior.
You hit the orc warrior. You freeze the orc warrior.
The orc warrior is moderately wounded.
The orc warrior hits you but does no damage.
You hit the orc warrior. You freeze the orc warrior.
The orc warrior is moderately wounded.
You block the orc warrior's attack.
You hit the orc warrior but do no damage.
Your headbutt misses the orc warrior.
The orc warrior is moderately wounded.
You block the orc warrior's attack.
You hit the orc warrior but do no damage.
The orc warrior is moderately wounded.
The orc warrior hits you with a +0 battleaxe!
You closely miss the orc warrior.
The orc warrior is moderately wounded.
You block the orc warrior's attack.
You hit the orc warrior. You freeze the orc warrior.
You headbutt the orc warrior.
The orc warrior is severely wounded.
The orc warrior hits you with a +0 battleaxe!
You hit the orc warrior but do no damage.
The orc warrior is severely wounded.
The orc warrior hits you with a +0 battleaxe!
You barely miss the orc warrior. You headbutt the orc warrior.
The orc warrior is severely wounded.
The orc warrior hits you with a +0 battleaxe!!
* * * LOW HITPOINT WARNING * * *
Things that are here:
a +0 chain mail; a +0 club
There is a stone staircase leading up, spattered with blood here.
Things that are here:
a +0 robe; a +0 dagger; an orc skeleton The orc warrior throws a stone.
The stone hits you!
* * * LOW HITPOINT WARNING * * *
The orc warrior throws a stone.
The stone hits you.
You die...

...## #.[...<....# ....#
#..........## #)..##...
#....[......# <........
#..[.)......# ....##...
##..##.....## #...# ..
###+#######..##.....#
#...##.....#.............#.......
.....#.....#.......o.....#.......
.....#.....#....@..(....#########
.....#.....#.>.<........#
.....#.....##....######+#
#...##.....##....###.
#...##.....##.........
#....'................
.....#.................
.....#.................
#######################


You could see an orc warrior.

Vanquished Creatures
  Erica (D:8)
  Pikel (D:5)
  Psyche (D:9)
  A polar bear (D:9)
  Grinder (D:3)
  Sigmund (D:3)
  2 steam dragons (D:8)
  2 water moccasins
  4 orc warriors (D:8)
  3 sky beasts
  A black bear (D:5)
  An ogre (D:4)
  2 wolves (D:9)
  A phantom (D:5)
  A centaur (D:6)
  4 bullfrogs
  2 scorpions (D:6)
  A wyvern zombie (D:7)
  A water moccasin zombie (D:5)
  3 wights (D:8)
  4 howler monkeys (D:9)
  A centaur zombie (D:5)
  A hound (D:5)
  3 gnoll shamans
  2 orc priests (D:7)
  A jelly (D:6)
  3 iguanas
  Natasha (thrice) (D:3)
  7 orc wizards
  A centaur simulacrum (D:9)
  2 hound skeletons (D:4)
  2 howler monkey zombies
  Robin (D:2)
  17 gnolls
  12 adders
  A shadow imp (D:7)
  2 white imps
  2 ufetubi (D:9)
  2 adder skeletons
  2 worms (D:2)
  A dart slug (D:2)
  19 orcs
  13 ball pythons
  6 endoplasms
  5 giant cockroaches
  17 goblins
  6 hobgoblins
  5 jackals
  3 quokkas
  6 bats
  3 frilled lizards
  6 kobolds
  8 rats
201 creatures vanquished.

Vanquished Creatures (others)
  28 plants
28 creatures vanquished.

Grand Total: 229 creatures vanquished

Notes
Turn   | Place    | Note
-------+----------+-------------------------------------------
     0 | D:1      | siradein the Minotaur Fighter began the quest for the Orb.
     0 | D:1      | Reached XP level 1. HP: 19/19 MP: 0/0
    91 | D:1      | Reached skill level 3 in Long Blades
   231 | D:1      | Reached XP level 2. HP: 24/26 MP: 1/1
   522 | D:1      | Found a faded altar of an unknown god.
   651 | D:1      | Reached skill level 4 in Long Blades
   857 | D:2      | Reached XP level 3. HP: 31/31 MP: 2/2
  1035 | D:2      | Reached skill level 5 in Long Blades
  1224 | D:2      | Noticed Robin
  1238 | D:2      | Reached XP level 4. HP: 33/39 MP: 3/3
  1242 | D:2      | Killed Robin
  1872 | D:2      | Reached skill level 6 in Long Blades
  2226 | D:3      | Reached XP level 5. HP: 31/45 MP: 4/4
  2429 | D:3      | Noticed Grinder
  2457 | D:3      | Paralysed by Grinder for 2 turns
  2462 | D:3      | Killed Grinder
  2463 | D:3      | Reached skill level 8 in Long Blades
  2463 | D:3      | Reached XP level 6. HP: 26/51 MP: 5/5
  2736 | D:3      | Noticed Sigmund
  2744 | D:3      | Killed Sigmund
  2745 | D:3      | Reached skill level 9 in Long Blades
  2745 | D:3      | Reached XP level 7. HP: 27/57 MP: 6/6
  2961 | D:3      | Found a glowing golden altar of the Shining One.
  3072 | D:3      | Found a glowing silver altar of Zin.
  3258 | D:3      | Noticed Natasha
  3274 | D:3      | Killed Natasha
  3651 | D:3      | Noticed Natasha
  3663 | D:3      | Killed Natasha
  3836 | D:3      | Noticed Natasha
  3847 | D:3      | Killed Natasha
  3977 | D:4      | Reached skill level 10 in Long Blades
  4400 | D:4      | Found a radiant altar of Vehumet.
  4400 | D:4      | Noticed Eustachio
  4905 | D:5      | Entered Level 5 of the Dungeon
  5028 | D:5      | Reached skill level 11 in Long Blades
  5028 | D:5      | Reached XP level 8. HP: 58/64 MP: 7/7
  5064 | D:5      | Found a staircase to the Ecumenical Temple.
  5084 | Temple   | Entered the Ecumenical Temple
  5138 | Temple   | Became a worshipper of Makhleb the Destroyer
  5319 | D:5      | Noticed Pikel
  5347 | D:5      | Killed Pikel
  5592 | D:5      | Found an ancient bone altar of Kikubaaqudgha.
  5592 | D:5      | Found a broken altar of Ashenzari.
  5669 | D:5      | Reached skill level 12 in Long Blades
  6444 | D:6      | Found a sacrificial altar of Ru.
  6457 | D:6      | Reached XP level 9. HP: 65/70 MP: 11/11
  6666 | D:6      | Reached skill level 5 in Invocations
  6917 | D:6      | HP: 3/70 [poisoned by a water moccasin]
  7837 | D:7      | Reached skill level 13 in Long Blades
  8557 | D:8      | Reached * piety under Makhleb
  9719 | D:8      | Found a transporter.
  9720 | D:8      | Found a transporter.
  9720 | D:8      | Noticed a boulder beetle
  9808 | D:9      | Noticed a polar bear
  9902 | D:9      | Noticed Erica
  9918 | D:8      | Killed Erica
  9919 | D:8      | Reached skill level 14 in Long Blades
  9919 | D:8      | Reached XP level 10. HP: 15/77 MP: 13/15
 10204 | D:9      | Found a staircase to the Orcish Mines.
 10585 | D:9      | Noticed Psyche
 10677 | D:9      | Killed Psyche
 10978 | D:9      | HP: 1/80 [orc warrior/stone (8)]
 10980 | D:9      | Hit by a stone thrown by an orc warrior

Illustrated notes

Levels and vault maps discovered:
D:1:      lemuel_arrival_broad_hall, layout_basic,
          shapermc_ecumenical_altar_mp_vishouse
D:2:      layout_loops_corners, serial_forest, infiniplex_forest_lined_room_,
          infiniplex_forest_lined_room_2, infiniplex_forest_lined_2,
          infiniplex_forest_lined_3, infiniplex_forest_lined_3,
          infiniplex_forest_clump_C, infiniplex_forest_clump_long,
          infiniplex_forest_clump_curved, uniq_robin
D:3:      cheibrodos_old_hovel, layout_loops_corners,
          nicolae_overflow_crystal_walls, overflow_temple_1_default,
          uniq_grinder, uniq_sigmund, uniq_natasha
D:4:      layout_rooms, nicolae_overflow_hidden_temple,
          chequers_serial_rivers_marsh, serial_bayou_pond_c,
          chequers_serial_rivers_micro_b, grunt_tough_drop, uniq_eustachio
D:5:      layout_basic, gammafunk_temple_overflow_elements,
          minmay_temple_entry_wispy, grunt_decor_mini_mirrors,
          hangedman_abyss_or_decor_lesser_grid, uniq_pikel
D:6:      layout_basic, nicolae_ru_sacrificial_ziggurat
D:7:      layout_basic
D:8:      gammafunk_boulding_lane, layout_basic
D:9:      layout_gridville, david_orc_2, serial_ice, serial_ice_d, serial_ice_o,
          serial_ice_e, serial_ice_i, hangedman_decor_lopped, uniq_psyche,
          uniq_erica
Temple:   nicolae_temple_elliptical

Skill      XL: |  1  2  3  4  5  6  7  8  9 10 |
---------------+-------------------------------+-----
Long Blades    | 3 4 5 6 8 9 11 12 14 | 14.0
Invocations    | 4 8 |  8.6
Fighting       | 4 |  4.8
Armour         | 4 |  4.8
Shields        | 4 |  4.8

Action                   |  1- 3 |  4- 6 |  7- 9 | 10-12 || total
-------------------------+-------+-------+-------+-------++-------
Melee: Long sword        |    87 |   107 |   438 |    96 ||   728
       Headbutt          |    14 |    19 |    65 |    22 ||   120
       Scimitar          |       |       |       |    13 ||    13
 Stab: Distracted        |       |       |     1 |       ||     1
Armor: Scale mail        |    11 |       |       |       ||    11
       Chain mail        |    43 |    48 |   185 |     3 ||   279
       Plate armour      |       |       |       |    41 ||    41
Dodge: Dodged            |    26 |    16 |    69 |    14 ||   125
Block: Kite shield       |    48 |    46 |   205 |    52 ||   351
       Rpst.: Long sword |     5 |     8 |    13 |     5 ||    31

Table legend: (Time is in decaauts)
 A = Elapsed time spent in this place.
 B = Non-inter-level travel time spent in this place.
 C = Inter-level travel time spent in this place.
 D = Time resting spent in this place.
 E = Time spent auto-exploring this place.
 F = Levels seen in this place.
 G = Mean time per level.
                   A        B        C        D        E       F      G
               +--------+--------+--------+--------+--------+-----+--------+
         Total |  11064 |  10900 |    164 |   1117 |   8028 |  10 | 1106.4 |
       Dungeon |  10880 |  10716 |    164 |   1117 |   7863 |   9 | 1208.9 |
        Temple |    184 |    184 |      0 |      0 |    165 |   1 |  184.0 |
               +--------+--------+--------+--------+--------+-----+--------+

Top non-repeatable levels by time:
     D:8: 2468 daAuts
     D:3: 1885 daAuts
     D:2: 1297 daAuts
     D:5: 1114 daAuts
     D:6: 1043 daAuts
     D:4: 950 daAuts
     D:1: 863 daAuts
     D:7: 819 daAuts
     D:9: 436 daAuts
  Temple: 184 daAuts
